 Dungeon Crawl Stone Soup version 0.30-a0-557-ge2afbf3030 (webtiles) character file.

Game seed: 6985337045518814326

199 bande the Covered (level 5, -4/33 HPs)
             Began as a Gargoyle Fighter on Dec 27, 2022.
             Slain by Menkaure (6 damage)
             ... on level 4 of the Dungeon on Dec 28, 2022.
             The game lasted 00:04:41 (2852 turns).

bande the Covered (Gargoyle Fighter)                Turns: 2852, Time: 00:04:41

Health: -4/33      AC: 17    Str: 19    XL:     5   Next: 77%
Magic:  5/5        EV:  5    Int:  9    God:
Gold:   124        SH:  0    Dex: 17    Spells: 4/4 levels left

rFire   . . .      SeeInvis .    a - +0 war axe
rCold   . . .      Faith    .    c - +0 buckler
rNeg    + . .      Spirit   .    i - +0 plate armour
rPois   ∞          Reflect  .    l - +0 helmet
rElec   +          Harm     .    (no cloak)
rCorr   .          Rampage  .    (no gloves)
Will    .....                    (no boots) Stlth
                                 (no amulet)
HPRegen 0.25/turn                k - +6 ring of dexterity
MPRegen 0.09/turn                (no ring)

@: confused
A: sickness immunity, AC +4, negative energy resistance 1, electricity
resistance, torment resistance 1, petrification resistance
a: no special abilities


You were on level 4 of the Dungeon.
You visited 1 branch of the dungeon, and saw 4 of its levels.

You collected 124 gold pieces.

Inventory:

Hand Weapons
 a - a +0 war axe (weapon)
 b - a +0 war axe
 m - a +0 flail
Armour
 c - a +0 buckler (worn)
 i - a +0 plate armour (worn)
 l - a +0 helmet (worn)
 n - a +0 hat
Jewellery
 k - a +6 ring of dexterity (left hand)
 o - an amulet of the acrobat
Scrolls
 e - a scroll of teleportation
 g - a scroll of enchant armour {unknown}
Potions
 d - a potion of might
 f - a potion of heal wounds {unknown}
 h - 2 potions of haste
 j - a potion of curing {unknown}
 p - a potion of degeneration {unknown}


   Skills:
 + Level 4.2 Fighting
 + Level 3.7 Axes
 + Level 4.4 Armour
 + Level 3.7 Shields


You had 4 spell levels left.
You didn't know any spells.
Your spell library contained the following spells:

 Spells                   Type           Power      Damage    Failure   Level
 Blink                    Tloc           0%         N/A       100%        2
 Gell's Gravitas          Tloc           0%         N/A       100%        3
 Teleport Other           Tloc           0%         N/A       100%        3
 Manifold Assault         Tloc           0%         N/A       100%        4
 Dispersal                Tloc           0%         N/A       100%        6
 Storm Form               Tmut/Air       0%         N/A       100%        7


Dungeon Overview and Level Annotations

Branches:
Dungeon (4/15)
 Temple: D:4-7

Altars:
Ru

Annotations:
D:4 Menkaure


Innate Abilities, Weirdness & Mutations

You are immune to sickness and miasma.
Your stone body is resilient. (AC +4)
You are immune to poison.
You resist negative energy. (rN+)
You are resistant to electric shocks. (rElec)
You are resistant to unholy torment.
You are immune to petrification.


Message History

You kill the orc!
You hit something. Something hits you but does no damage.
You hear some strange, mumbled words.
You are confused.
Menkaure gestures wildly while chanting.
Menkaure seems to speed up.
Items here: $ ))) [.
You are too confused!
You are too confused!
You are too confused!
Unknown command.
Something hits you but does no damage.
You hear some strange, mumbled words.
Something tries to affect you, but you resist.
Menkaure hits you but does no damage.
Unknown command.
You bump into the rock wall.
Menkaure hits you!
You're too confused to move!
Menkaure barely misses you.
You hear some strange, mumbled words.
A magic dart appears from out of thin air!
The magic dart hits you but does no damage.
Unknown command.
Menkaure barely misses you.
You hear some strange, mumbled words.
A puff of flame appears from out of thin air!
The puff of flame hits you. Menkaure hits you but does no damage.
Unknown command.
You closely miss Menkaure. You miss something.
You hear some strange, mumbled words.
A puff of flame appears from out of thin air!
The puff of flame hits you!
* * * LOW HITPOINT WARNING * * *
Menkaure casts a spell at you. Pain shoots through your body!
* * * LOW HITPOINT WARNING * * *
You hear some strange, mumbled words.
A magic dart appears from out of thin air!
The magic dart hits you but does no damage.
Menkaure hits you.
You die...

..........#
..........#
..........#
..........###
..........'.
......>...#
..........#
.......@M.#
######...##
#.#{## #.#..#
#.##.## #.
#..##
#.###..#######
#.............
######.######.


You could see Menkaure (fast).

Vanquished Creatures
  A hound (D:4)
  A jelly (D:4)
  An iguana (D:3)
  Robin (D:2)
  2 adders
  A worm (D:3)
  3 dart slugs
  3 orcs (D:4)
  4 ball pythons
  3 endoplasms
  5 giant cockroaches
  13 goblins
  5 hobgoblins
  6 jackals
  7 kobolds
  A quokka (D:1)
  8 bats
  5 frilled lizards
  2 rats
72 creatures vanquished.

Notes
Turn   | Place    | Note
-------+----------+-------------------------------------------
     0 | D:1      | bande the Gargoyle Fighter began the quest for the Orb.
     0 | D:1      | Reached XP level 1. HP: 14/14 MP: 1/1
    90 | D:1      | Reached XP level 2. HP: 18/19 MP: 2/2
   415 | D:1      | Reached XP level 3. HP: 24/24 MP: 3/3
   621 | D:1      | You fall into a shaft and drop 1 floor!
   651 | D:2      | Identified the +10 dagger of Prudence {freeze, rN+}
   814 | D:2      | Noticed Robin
  1358 | D:2      | Reached XP level 4. HP: 27/29 MP: 4/4
  1359 | D:2      | Killed Robin
  2201 | D:3      | Reached XP level 5. HP: 33/33 MP: 5/5
  2382 | D:3      | Found a sacrificial altar of Ru.
  2841 | D:4      | Noticed Menkaure
  2852 | D:4      | Slain by Menkaure

Illustrated notes

Levels and vault maps discovered:
D:1:      roderic_crossed_star, layout_basic, nicolae_figureground_pulse
D:2:      layout_basic, uniq_robin
D:3:      layout_basic, nicolae_ru_the_path_less_chosen
D:4:      minmay_door_path, layout_basic, mainiacjoe_overflow_catwalk,
          uniq_edmund, uniq_menkaure, uniq_ijyb

Skill      XL: |  1  2  3  4 |
---------------+-------------+-----
Axes           | 2 3 |  3.7
Armour         | 4 |  4.4
Fighting       | 4 |  4.2
Shields        | |  3.7

Action                   |  1- 3 |  4- 6 || total
-------------------------+-------+-------++-------
Melee: War axe           |   105 |    82 ||   187
  Use: Scroll            |       |     6 ||     6
       Potion            |       |     1 ||     1
Armor: Scale mail        |    10 |       ||    10
       Chain mail        |    50 |       ||    50
       Plate armour      |    52 |    72 ||   124
Dodge: Dodged            |    43 |    24 ||    67
Block: Buckler           |    24 |    21 ||    45

Table legend: (Time is in decaauts)
 A = Elapsed time spent in this place.
 B = Non-inter-level travel time spent in this place.
 C = Inter-level travel time spent in this place.
 D = Time resting spent in this place.
 E = Time spent auto-exploring this place.
 F = Levels seen in this place.
 G = Mean time per level.
                   A        B        C        D        E       F      G
               +--------+--------+--------+--------+--------+-----+--------+
         Total |   2931 |   2878 |     53 |     88 |   2132 |   4 |  732.8 |
       Dungeon |   2931 |   2878 |     53 |     88 |   2132 |   4 |  732.8 |
               +--------+--------+--------+--------+--------+-----+--------+

Top non-repeatable levels by time:
     D:2: 1026 daAuts
     D:1: 909 daAuts
     D:3: 793 daAuts
     D:4: 202 daAuts
